 Dungeon Crawl Stone Soup version 0.31.0-11-ge490571c62 (webtiles) character file.

Game seed: 18110195819352085718

62 mopl the Chopper (level 3, -2/29 HPs)
             Began as a Demonspawn Fighter on Feb 10, 2024.
             Killed from afar by Sigmund (7 damage)
             ... with a puff of flame
             ... on level 2 of the Dungeon.
             The game lasted 00:01:12 (885 turns).

mopl the Chopper (Demonspawn Fighter)                Turns: 885, Time: 00:01:13

Health: -2/29      AC:  7    Str: 18    XL:     3   Next: 85%
Magic:  3/3        EV:  9    Int:  8    God:
Gold:   88         SH:  0    Dex: 12    Spells: 2/2 levels left

rFire   . . .        a - +0 war axe
rCold   . . .        c - +0 buckler
rNeg    . . .        b - +0 scale mail
rPois   .            (helmet restricted)
rElec   .            (no cloak)
rCorr   .            (no gloves)
SInv    .            (no boots)
Will    .....        h - amulet of reflection Stlth
                     (no ring)
HPRegen 0.24/turn    (no ring)
MPRegen 0.08/turn

%: reflection
@: confused
A: spiny 1, sharp scales 1, antennae 1, talons 1
a: no special abilities


You were on level 2 of the Dungeon.
You visited 1 branch of the dungeon, and saw 2 of its levels.

You collected 88 gold pieces.

Inventory:

Hand Weapons
 a - a +0 war axe (weapon)
Armour
 b - a +0 scale mail (worn)
 c - a +0 buckler (worn)
Jewellery
 h - an amulet of reflection (around neck)
Scrolls
 f - a scroll of immolation {unknown}
 g - a scroll of brand weapon {unknown}
 i - 2 scrolls of identify {unknown}
Potions
 d - a potion of might
 e - a potion of mutation
 j - a potion of lignification {unknown}
 k - a potion of curing


   Skills:
 - Level 3.0 Fighting
 * Level 3.8 Axes
 - Level 2.6 Armour
 - Level 2.6 Shields


You had 2 spell levels left.
You didn't know any spells.
Your spell library was empty.

Dungeon Overview and Level Annotations

Branches:
Dungeon (2/15)

Altars:

Annotations:
D:2 Sigmund


Innate Abilities, Weirdness & Mutations

You are partially covered in sharp spines.
You are partially covered in razor-sharp scales. (AC +1, Slay +1)
You have a pair of small antennae on your head.
You have sharp toenails.


Message History

* * * LOW HITPOINT WARNING * * *
You block Sigmund's attack.
It was a potion of mutation.
You feel extremely strange. A pair of antennae grows on your head!
Your toenails lengthen and sharpen.
* * * LOW HITPOINT WARNING * * *
You feel very sick. You block the hobgoblin's attack.
It was a potion of curing.
You feel better. Sigmund gestures at you while chanting.
You are confused.
The hobgoblin hits you but does no damage.
Unknown command.
You hit Sigmund. You claw Sigmund, but do no damage.
Sigmund is almost dead.
You hit the hobgoblin. Sigmund closely misses you.
The hobgoblin closely misses you. x2
Unknown command.
Sigmund hits you from afar with a +3 scythe of venom!
* * * LOW HITPOINT WARNING * * *
Unknown command.
You closely miss the hobgoblin. Your kick misses the hobgoblin.
The hobgoblin is severely wounded.
The hobgoblin is struck by your spines.
You kill the hobgoblin!
Sigmund barely misses you. Sigmund hits you but does no damage.
You feel less confused. Sigmund gestures at you while chanting.
You are confused.
You're too confused to move!
Sigmund gestures wildly while chanting.
Sigmund flickers and vanishes!
Deactivating autopickup; reactivate with Ctrl-A.
Unknown command.
Unknown command.
You're too confused to move!
You hear some strange, mumbled words.
A puff of flame appears from out of thin air!
The puff of flame hits you!
You die...

#.##.#.##......###..####.#
#.##.#.##.##.......... ..#
#. ....##.####...####. ...
#.####.# #...# ####
##.####+####...#
#..............#
#..............#
#......†.......#
#.......{.@....#
#..............#
#$....!..=..####
#...........#
#...........#
#...........# ...........#
..........#


There were no monsters in sight!

Vanquished Creatures
  Terence (D:2)
  An adder (D:2)
  3 bats
  6 endoplasms (D:1)
  A goblin (D:1)
  5 hobgoblins
  3 jackals (D:1)
  A frilled lizard (D:1)
  3 kobolds
24 creatures vanquished.

Notes
Turn   | Place    | Note
-------+----------+-------------------------------------------
     0 | D:1      | mopl the Demonspawn Fighter began the quest for the Orb.
     0 | D:1      | Reached XP level 1. HP: 18/18 MP: 1/1
   169 | D:1      | Gained mutation: You are partially covered in sharp spines.
                  | [demonic ancestry]
   169 | D:1      | Reached XP level 2. HP: 24/24 MP: 2/2
   727 | D:2      | Noticed Terence
   741 | D:2      | Gained mutation: You are partially covered in razor-sharp
                  | scales. (AC +1, Slay +1) [demonic ancestry]
   741 | D:2      | Reached XP level 3. HP: 22/29 MP: 3/3
   742 | D:2      | Killed Terence
   866 | D:2      | Noticed Sigmund
   874 | D:2      | Gained mutation: You have a pair of small antennae on your
                  | head. [potion of mutation]
   874 | D:2      | Gained mutation: You have sharp toenails. [potion of
                  | mutation]
   885 | D:2      | Killed from afar by Sigmund

Illustrated notes

Levels and vault maps discovered:
D:1:      amcnicky_arrival_underground_garden, layout_basic
D:2:      layout_basic, uniq_sigmund, uniq_terence

Skill      XL: |  1  2 |
---------------+-------+-----
Axes           | 2 3 |  3.8
Fighting       | |  3.0
Armour         | |  2.6
Shields        | |  2.6

Action                     || total
---------------------------++-------
  Melee: War axe           ||    55
         Kick              ||     1
    Use: Potion            ||     2
 Armour: Scale mail        ||    33
  Dodge: Dodged            ||    25
  Block: Buckler           ||    31
